 Dungeon Crawl Stone Soup version 0.31-a0-879-g1609e0ac53 (webtiles) character file.

Game seed: 4836387787169304037

7225 Darius099 the Severer (level 10, -7/84 HPs)
             Began as a Minotaur Fighter on Oct 14, 2023.
             Was an Elder of Okawaru.
             Mangled by a sun demon (12 damage)
             ... summoned by a kobold demonologist
             ... on level 10 of the Dungeon.
             The game lasted 00:27:29 (7993 turns).

Darius099 the Severer (Minotaur Fighter)            Turns: 7993, Time: 00:27:29

Health: -7/84      AC: 12    Str: 31    XL:     10   Next: 88%
Magic:  9/9        EV:  9    Int:  5    God:    Okawaru [****..]
Gold:   271        SH:  4    Dex:  9    Spells: 9/9 levels left

rFire   . . .        O - +4 war axe
rCold   . . .        c - +0 buckler
rNeg    + . .        P - +1 chain mail "Dacydo" {Str+5}
rPois   .            H - +0 hat
rElec   .            w - scarf {repulsion}
rCorr   .            (no gloves)
SInv    .            h - +0 pair of boots
Will    .....        y - amulet of regeneration Stlth
                     A - ring of positive energy
HPRegen 1.14/turn    (no ring)
MPRegen 0.11/turn

%: repel missiles
@: no status effects
A: horns 2, retaliatory headbutt
a: Renounce Religion, Heroism, Finesse


You were on level 10 of the Dungeon.
You worshipped Okawaru.
Okawaru was greatly pleased with you.
You visited 2 branches of the dungeon, and saw 11 of its levels.
You also visited: Sewer.

You collected 568 gold pieces.
You spent 297 gold pieces at shops.

Inventory:

Hand Weapons
 O - a +4 war axe (weapon)
Missiles
 S - a throwing net
Armour
 c - a +0 buckler (worn)
 h - a +0 pair of boots (worn)
 w - a scarf of repulsion (worn)
 H - a +0 hat (worn)
 P - the +1 chain mail "Dacydo" (worn) {Str+5}
   (You bought it in a shop on level 5 of the Dungeon)

   Str+5:     It affects your strength (+5).
Jewellery
 y - an amulet of regeneration (around neck)
 A - a ring of positive energy (left hand)
 J - a ring of protection from fire
 Q - a ring of willpower
 R - a ring of see invisible
Wands
 a - a wand of paralysis (7)
 x - a wand of flame (25)
 B - a wand of quicksilver (23)
 L - a wand of iceblast (10)
Scrolls
 e - 2 scrolls of summoning {unknown}
 f - 4 scrolls of amnesia {unknown}
 k - 7 scrolls of vulnerability {unknown}
 m - 2 scrolls of silence {unknown}
 o - 3 scrolls of poison {unknown}
 p - a scroll of noise {unknown}
 q - 6 scrolls of identify {unknown}
 r - 3 scrolls of enchant armour {unknown}
 s - 2 scrolls of fear {unknown}
 t - a scroll of torment {unknown}
 I - 3 scrolls of enchant weapon {unknown}
 K - a scroll of blinking {unknown}
 M - a scroll of revelation {unknown}
 N - 3 scrolls of teleportation {unknown}
Potions
 b - 2 potions of ambrosia {unknown}
 d - 2 potions of might
 g - 3 potions of resistance {unknown}
 i - a potion of berserk rage {unknown}
 j - 7 potions of curing {unknown}
 l - 2 potions of invisibility {unknown}
 n - 5 potions of heal wounds {unknown}
 u - 3 potions of attraction {unknown}
 v - 2 potions of mutation {unknown}
 z - 2 potions of enlightenment {unknown}
 C - 2 potions of degeneration {unknown}
 D - 5 potions of haste {unknown}
 E - 2 potions of brilliance {unknown}
 F - a potion of lignification {unknown}
 G - a potion of magic {unknown}


   Skills:
 + Level 6.4 Fighting
 - Level 18.1 Axes
 + Level 6.3 Armour
 - Level 3.8 Shields


You had 9 spell levels left.
You didn't know any spells.
Your spell library contained the following spells:

 Spells                   Type           Power      Damage    Failure   Level
 Magic Dart               Conj           0%         1d3       91%         1
 Sting                    Tmut/Pois      0%         1d3       91%         1
 Blink                    Tloc           0%         N/A       97%         2
 Lesser Beckoning         Tloc           0%         N/A       97%         2
 Momentum Strike          Conj/Tloc      0%         3d8       97%         2
 Poisonous Vapours        Pois/Air       0%         N/A       97%         2
 Frozen Ramparts          Ice            0%         1d1       100%        3
 Gell's Gravitas          Tloc           0%         N/A       100%        3
 Hailstorm                Conj/Ice       0%         3d3       100%        3
 Inner Flame              Hex/Fire       0%         N/A       100%        3
 Mephitic Cloud           Conj/Pois/Air  0%         N/A       100%        3
 Sigil of Binding         Hex            0%         N/A       100%        3
 Teleport Other           Tloc           0%         N/A       100%        3
 Dimensional Bullseye     Hex/Tloc       0%         N/A       100%        4
 Flame Wave               Conj/Fire      0%         2d4       100%        4
 Iskenderun's Mystic Bla  Conj/Tloc      0%         2d3       100%        4
 Leda's Liquefaction      Hex/Erth       0%         N/A       100%        4
 Olgreb's Toxic Radiance  Pois           0%         N/A       100%        4
 Passage of Golubria      Tloc           0%         N/A       100%        4
 Petrify                  Tmut/Erth      0%         N/A       100%        4
 Sticky Flame             Conj/Fire      0%         2d3       100%        4
 Metabolic Englaciation   Hex/Ice        0%         N/A       100%        5
 Yara's Violent Unravell  Hex/Tmut       0%         3d3       100%        5
 Dispersal                Tloc           0%         N/A       100%        6
 Eringya's Noxious Bog    Tmut/Pois      0%         4d6       100%        6
 Call Imp                 Summ           Unusable   N/A       N/A         2
 Call Canine Familiar     Summ           Unusable   N/A       N/A         3
 Tukima's Dance           Hex            Unusable   N/A       N/A         3
 Summon Forest            Summ/Tloc      Unusable   N/A       N/A         5
 Summon Hydra             Summ           Unusable   N/A       N/A         7

Dungeon Overview and Level Annotations

Branches:
Dungeon (10/15)            Temple (1/1) D:6            Lair (0/5) D:9
    Orc (0/2) D:9           Sewer (visited)

Altars:
Ashenzari
Cheibriados
Dithmenos
Elyvilon
Fedhas
Gozag
Hepliaklqana
Kikubaaqudgha
Makhleb
Nemelex Xobeh
Okawaru
Qazlal
Ru
Sif Muna
Trog
Uskayaw
Vehumet
Wu Jian
Xom
Yredelemnul
Zin
The Shining One

Shops:
D:5 [*

Annotations:
Temple 2 transporters


Innate Abilities, Weirdness & Mutations

You have a pair of horns on your head.
You reflexively headbutt those who attack you in melee.


Message History

Your Fighting skill increases to level 6!
Your Armour skill increases to level 6!
You hit the kobold demonologist.
The kobold demonologist is lightly wounded.
The kobold demonologist hits you but does no damage.
A kobold comes into view. It is wielding a +0 short sword.
You slash the kobold demonologist!
The kobold demonologist is heavily wounded.
You slash the kobold demonologist!
The kobold demonologist is almost dead.
The kobold demonologist looks satisfied for a moment.
You closely miss the kobold demonologist.
The kobold demonologist is almost dead.
The kobold demonologist closely misses you.
You slice the kobold demonologist!!
You kill the kobold demonologist!
Okawaru accepts your kill. The sun demon barely misses you.
The sun demon hits you but does no damage.
Items here: )) [[ ††.
You hit the sun demon. Your headbutt misses the sun demon.
The sun demon is lightly wounded.
You closely miss the sun demon.
The sun demon is lightly wounded.
The sun demon hits you!
You are engulfed in flames!
The kobold demonologist mumbles some strange words.
You slice the sun demon!!
The sun demon is heavily wounded.
The sun demon hits you.
You are engulfed in flames!!
You hit the sun demon.
The sun demon is heavily wounded.
The sun demon hits you!
You are engulfed in flames!!
* * * LOW HITPOINT WARNING * * *
Okay, then.
You remove your ring of see invisible.
The kobold demonologist casts a spell.
The sun demon hits you!
* * * LOW HITPOINT WARNING * * *
You are engulfed in flames!
You die...

# #.# #.# #K# ## #K#
#. #K# #. #K# ###.
#3# .#######... ##@#
#...#........ #).#
#.#.#........ #.##
#.#.#........ #.#
#...#........ #.#
#........... #.#
##..........
###.#######..........
#.....##....#........
#<....##.####..######


You could see a sun demon (summoned), a kobold demonologist, 2 kobold brigands
and a kobold.

Vanquished Creatures
  Maggie (D:7)
  2 kobold demonologists (D:10)
  A rime drake (D:9)
  A polar bear (D:9)
  Grinder (D:5)
  Sigmund (D:6)
  A wraith (D:10)
  A wyvern (D:8)
  Menkaure (D:7)
  2 black bears (D:6)
  6 orc warriors
  11 ice beasts
  2 wolves (D:9)
  A centaur (D:6)
  7 kobold brigands
  Blork the orc (D:4)
  2 gnoll sergeants
  4 bullfrogs
  4 scorpions
  6 wights
  14 killer bees
  A howler monkey (D:9)
  3 orc priests
  3 hounds
  A gnoll bouda (D:6)
  4 iguanas
  3 sleepcaps
  11 orc wizards
  5 adders
  14 gnolls
  A river rat (D:5)
  A shadow imp (D:8)
  A white imp (D:8)
  An ufetubus (D:6)
  3 dart slugs
  45 orcs
  9 ball pythons
  9 endoplasms
  5 giant cockroaches
  6 goblins
  A hobgoblin (D:1)
  3 jackals (D:1)
  2 quokkas
  10 bats
  3 frilled lizards
  33 kobolds
  9 rats
257 creatures vanquished.

Notes
Turn   | Place    | Note
-------+----------+-------------------------------------------
     0 | D:1      | Darius099 the Minotaur Fighter began the quest for the Orb.
     0 | D:1      | Reached XP level 1. HP: 19/19 MP: 0/0
   163 | D:1      | Reached XP level 2. HP: 27/27 MP: 1/1
   244 | D:1      | Reached skill level 3 in Axes
   304 | D:1      | Found a faded altar of an unknown god.
   650 | D:1      | Reached XP level 3. HP: 33/33 MP: 2/2
  1357 | D:2      | Reached skill level 4 in Axes
  1531 | D:3      | Reached XP level 4. HP: 38/40 MP: 3/3
  1535 | D:3      | Reached skill level 5 in Axes
  1558 | D:3      | Found a hide-covered altar of Uskayaw.
  1699 | D:3      | Found a burning altar of Makhleb.
  1770 | D:3      | Reached skill level 6 in Axes
  1770 | D:3      | Reached XP level 5. HP: 31/46 MP: 4/4
  1998 | D:3      | Noticed a cacodemon
  2001 | D:3      | Noticed a smoke demon
  2001 | D:3      | Noticed a hellwing
  2293 | D:4      | Noticed Blork the orc
  2299 | D:4      | Killed Blork the orc
  2337 | D:4      | Found an opulent altar of Gozag.
  2360 | D:4      | Reached skill level 7 in Axes
  2361 | D:4      | Reached XP level 6. HP: 42/52 MP: 5/5
  2751 | D:4      | Found a glowing golden altar of the Shining One.
  2752 | D:4      | Found a glowing silver altar of Zin.
  2752 | D:4      | Found a white marble altar of Elyvilon.
  3079 | D:5      | Entered Level 5 of the Dungeon
  3079 | D:5      | Found a basalt altar of Yredelemnul.
  3114 | D:5      | Reached skill level 8 in Axes
  3142 | D:5      | Noticed Grinder
  3150 | D:5      | Paralysed by Grinder for 4 turns
  3155 | D:5      | Killed Grinder
  3156 | D:5      | Reached skill level 9 in Axes
  3156 | D:5      | Reached XP level 7. HP: 50/58 MP: 6/6
  3183 | D:5      | Found Dycrix's Lightly-Used Armoury.
  3216 | D:5      | Found a glowing drain.
  3235 | Sewer    | Entered a sewer
  3320 | Sewer    | Reached skill level 10 in Axes
  3565 | D:5      | Reached skill level 11 in Axes
  3568 | D:5      | Found a bloodstained altar of Trog.
  3619 | D:5      | Reached XP level 8. HP: 66/66 MP: 7/7
  3691 | D:5      | Found Xynip's Armour Boutique.
  4119 | D:5      | Identified the +6 sling "Miakem" {speed, Contam rPois rF++}
  4182 | D:6      | Found a staircase to the Ecumenical Temple.
  4185 | D:6      | Noticed Sigmund
  4194 | D:6      | Killed Sigmund
  4195 | D:6      | Reached skill level 12 in Axes
  4198 | Temple   | Found a transporter.
  4198 | Temple   | Found a transporter.
  4198 | Temple   | Found a transporter.
  4198 | Temple   | Found a transporter.
  4198 | Temple   | Entered the Ecumenical Temple
  4215 | Temple   | Became a worshipper of Warmaster Okawaru
  4255 | D:6      | Found a snail-covered altar of Cheibriados.
  4302 | D:6      | Reached skill level 13 in Axes
  4360 | D:6      | Reached * piety under Okawaru
  4383 | D:6      | Reached XP level 9. HP: 71/71 MP: 8/8
  4400 | D:6      | Reached skill level 14 in Axes
  4602 | D:6      | Found a shadowy altar of Dithmenos.
  4604 | D:6      | Found a sparkling altar of Nemelex Xobeh.
  4607 | D:6      | Found a hazy altar of Hepliaklqana.
  4670 | D:6      | Found a stormy altar of Qazlal.
  5190 | D:7      | Reached ** piety under Okawaru
  5191 | D:7      | Reached skill level 15 in Axes
  5257 | D:7      | Noticed Menkaure
  5270 | D:7      | Identified the +2 quarterstaff of the Iron City of Dis
                  | {freeze, Int+3}
  5290 | D:7      | Killed Menkaure
  5482 | D:7      | Noticed Maggie
  5492 | D:7      | Killed Maggie
  5641 | D:5      | Bought the +1 chain mail "Dacydo" {Str+5} for 297 gold
                  | pieces
  5919 | D:7      | Reached skill level 16 in Axes
  6146 | D:8      | Got an uncut book
  6212 | D:8      | Reached *** piety under Okawaru
  6258 | D:8      | Reached XP level 10. HP: 71/78 MP: 9/9
  6313 | D:8      | Identified the +1 robe of Wumo {Harm Str+5 Int-4}
  6625 | D:9      | Reached skill level 17 in Axes
  6743 | D:9      | Found an ornate altar of the Wu Jian Council.
  7075 | D:9      | Found a staircase to the Lair.
  7152 | D:9      | Reached **** piety under Okawaru
  7185 | D:9      | Found an ancient bone altar of Kikubaaqudgha.
  7228 | D:9      | Reached skill level 18 in Axes
  7264 | D:9      | Found a staircase to the Orcish Mines.
  7560 | D:9      | Reached skill level 5 in Fighting
  7560 | D:9      | Reached skill level 5 in Armour
  7702 | D:10     | Entered Level 10 of the Dungeon
  7978 | D:10     | Noticed a sun demon
  7993 | D:10     | Mangled by a sun demon

Illustrated notes

Levels and vault maps discovered:
D:1:      pf_arrival_petrified_forest, layout_loops_cross,
          basic_ecumenical_altar
D:2:      layout_basic
D:3:      layout_rooms, makhleb_altar_promises_db, lemuel_round_altar
D:4:      layout_basic, dreamdust_divine_triumvirate,
          nicolae_overflow_hidden_temple, hangedman_decor_riveting,
          chequers_serial_rivers_large_b, minmay_misc_feat_tiny,
          minmay_misc_feat_ornament, minmay_quantized, uniq_blork_the_orc
D:5:      layout_basic, marbit_many_paths, yredelemnul_altar_generic,
          serial_shops, nicolae_shop_advertising_works
          [nicolae_subvault_shop_adworks], portal_sewer_entry_b,
          minmay_shop_damaged, kennysheep_generic_room_9, uniq_grinder
D:6:      layout_rooms, mainiacjoe_overflow_concentric_impassable,
          lemuel_doored_altar, grunt_temple_overflow_open, temple_statues,
          hangedman_decor_peaks_small, minmay_quadrilaterals, uniq_sigmund
D:7:      layout_basic, uniq_menkaure, uniq_maggie
D:8:      layout_cave_pools, kennysheep_generic_room_10
D:9:      layout_stronghold, general_overflow_altar,
          mainiacjoe_overflow_cross_hatched, hellmonk_lair_entry_icy,
          orc_0_dummy, minmay_variable_closet
D:10:     layout_rooms
Temple:   hellmonk_temple_divided_pantheon

Skill      XL: |  1  2  3  4  5  6  7  8  9 10 |
---------------+-------------------------------+-----
Axes           | 3 4 6 7 9 11 13 16 18 | 18.1
Fighting       | 6 |  6.4
Armour         | 6 |  6.3
Shields        | |  3.8

Action                     |  1- 3 |  4- 6 |  7- 9 | 10-12 || total
---------------------------+-------+-------+-------+-------++-------
  Melee: War axe           |    85 |    88 |   292 |   158 ||   623
         Headbutt          |     4 |    11 |    45 |    22 ||    82
 Invoke: Heroism           |       |       |       |     1 ||     1
 Armour: Scale mail        |    57 |    53 |   158 |       ||   268
         Chain mail        |       |       |    32 |   119 ||   151
  Dodge: Dodged            |    41 |    39 |    97 |    78 ||   255
         Repelled          |       |     1 |       |     3 ||     4
  Block: Buckler           |    22 |    13 |    58 |    29 ||   122

Table legend: (Time is in decaauts)
 A = Elapsed time spent in this place.
 B = Non-inter-level travel time spent in this place.
 C = Inter-level travel time spent in this place.
 D = Time resting spent in this place.
 E = Time spent auto-exploring this place.
 F = Levels seen in this place.
 G = Mean time per level.
                   A        B        C        D        E       F      G
               +--------+--------+--------+--------+--------+-----+--------+
         Total |   8014 |   7619 |    395 |    573 |   4230 |  12 |  667.8 |
       Dungeon |   7636 |   7241 |    395 |    573 |   4038 |  10 |  763.6 |
        Temple |     43 |     43 |      0 |      0 |      0 |   1 |   43.0 |
         Sewer |    334 |    334 |      0 |      0 |    192 |   1 |  334.0 |
               +--------+--------+--------+--------+--------+-----+--------+

Top non-repeatable levels by time:
     D:9: 1099 daAuts
     D:4: 1086 daAuts
     D:7: 1032 daAuts
     D:5: 851 daAuts
     D:1: 809 daAuts
     D:2: 733 daAuts
     D:6: 696 daAuts
     D:8: 562 daAuts
     D:3: 519 daAuts
   Sewer: 334 daAuts
    D:10: 245 daAuts
  Temple: 43 daAuts
